 Dungeon Crawl Stone Soup version 0.27-a0-1196-g3e9cee4cb2 (webtiles) character file.

Game seed: 2082571459281909833

1444 freelancePsychic the Cutter (level 8, -8/44 HPs)
             Began as a Vine Stalker Fighter on May 28, 2021.
             Killed by divine providence
             ... invoked by an orc priest
              (14 damage)
             ... on level 6 of the Dungeon.
             The game lasted 00:10:17 (4999 turns).

freelancePsychic the Cutter (Vine Stalker Fighter)  Turns: 4999, Time: 00:10:18

Health: -8/44      AC:  7    Str: 22    XL:     8   Next: 74%
Magic:  0/18       EV:  7    Int:  8    God:
Gold:   345        SH:  9    Dex: 13    Spells: 7/7 levels left

rFire    . . .     SeeInvis .   a - +1 dagger (drain)
rCold    . . .     Faith    .   c - +0 kite shield
rNeg     . . .     Spirit   +   x - +0 scale mail
rPois    +         Reflect  .   n - +1 helmet
rElec    .         Harm     .   (no cloak)
rCorr    .         Rampage  .   l - +0 pair of gloves
Will     +....                  i - +0 pair of boots
Stlth    ..........             h - amulet of magic regeneration
HPRegen  1.14/turn              m - ring of magical power
MPRegen  0.41/turn              o - ring of poison resistance

@: corroded
A: fangs 3, regeneration 1, magic shield, antimagic bite, no potion heal 2
a: no special abilities


You were on level 6 of the Dungeon.
You visited 1 branch of the dungeon, and saw 6 of its levels.
You also visited: Sewer.

You collected 345 gold pieces.

Inventory:

Hand Weapons
 a - a +1 dagger of draining (weapon)
 b - a +1 rapier of protection
 t - a +1 dagger of chaos
Armour
 c - a +0 kite shield (worn)
 i - a +0 pair of boots (worn)
 l - a +0 pair of gloves (worn)
 n - a +1 helmet (worn)
 x - a +0 scale mail (worn)
Jewellery
 h - an amulet of magic regeneration (around neck)
 k - a +6 ring of intelligence
 m - a ring of magical power (left hand)
 o - a ring of poison resistance (right hand)
 u - an amulet of reflection
Wands
 s - a wand of acid (6)
Scrolls
 f - a scroll of fear
 j - 2 scrolls of blinking
 q - 2 scrolls of enchant weapon
 w - a scroll of immolation
 y - a scroll of identify {@r1}
 z - a scroll of vulnerability {unknown}
Potions
 d - 4 potions of might
 e - 2 potions of attraction {unknown}
 g - a potion of curing {unknown}
 p - 2 potions of haste {unknown}
 r - 5 potions of heal wounds {unknown}
 v - a potion of brilliance {unknown}


   Skills:
 + Level 5.5 Fighting
 * Level 7.0 Short Blades
 - Level 4.7 Armour
 + Level 3.2 Shields


You had 7 spell levels left.
You didn't know any spells.
Your spell library contained the following spells:

 Spells                   Type           Power      Damage    Failure   Level
 Animate Skeleton         Necr           0%         N/A       99%         1
 Magic Dart               Conj           0%         1d3       99%         1
 Pain                     Necr           0%         1d4       99%         1
 Searing Ray              Conj           0%         3d3       100%        2
 Dazzling Flash           Conj/Hex       0%         N/A       100%        3
 Vampiric Draining        Necr           0%         2d6       100%        3
 Animate Dead             Necr           0%         N/A       100%        4
 Fulminant Prism          Conj/Hex       0%         3d6       100%        4
 Iskenderun's Mystic Bla  Conj/Tloc      0%         2d3       100%        4
 Agony                    Necr           0%         N/A       100%        5


Dungeon Overview and Level Annotations

Branches:
Dungeon (6/15)              Sewer (visited)
 Temple: D:4-7

Altars:
Makhleb
Xom

Annotations:
D:5 1 runed translucent door, roflturtle's ghost, amateur DgFE


Innate Abilities, Weirdness & Mutations

You have razor-sharp teeth.
Your natural rate of healing is unusually fast.
When hurt, damage is shared between your health and your magic reserves.
Your bite disrupts and absorbs the magic of your enemies.
Potions cannot restore your health.


Message History

Your shield and scale mail prevent you from hitting the iguana.
Your bite misses the iguana.
The iguana is severely wounded.
You block the iguana's attack.
You hit the iguana but do no damage. You bite the iguana.
You kill the iguana!
No target in view!
No target in view!
No target in view!
No target in view!
No target in view!
No target in view!
No target in view!
No target in view!
No target in view!
z - a scroll labelled SASARU URILUPT An orc warrior is nearby!
The orc shouts! x2
The orc priest shouts!
You hit the orc warrior but do no damage.
You drain the orc warrior.
You bite the orc warrior, but do no damage.
The orc warrior is lightly wounded.
You hit the orc warrior.
The orc warrior is moderately wounded.
The orc zaps a wand.
The bolt of acid hits you! The acid corrodes you!
You are splashed with acid!
You block the orc warrior's attack. You block the orc warrior's attack.
The orc zaps a wand.
The bolt of acid hits the orc.
The orc is splashed with acid.
The orc dies!
The bolt of acid hits you!
You are splashed with acid!
* * * LOW HITPOINT WARNING * * *
The orc priest mumbles some strange prayers to Beogh against you.
Beogh smites you!
* * * LOW HITPOINT WARNING * * *
The orc priest invokes the aid of Beogh against you.
Beogh smites you!
You die...

#...# #. #...##
## ......
##########....#
#............#
#.###........#
#.#.#........##'#
#...#............
#.@.o..o..)......
#.####..o........
#.# ##########.#
#.##### #.....#
#####.# ## #.# #.
#.# ###### #.
#.###....#####.


You could see an orc warrior (drained), an orc priest and an orc.

Vanquished Creatures
  A water moccasin (D:6)
  An orc warrior (D:6)
  An ogre (D:5)
  A necrophage (D:6)
  A kobold brigand (D:5)
  A scorpion (D:6)
  A water moccasin zombie (D:5)
  A water moccasin skeleton (D:4)
  A wight (D:6)
  2 howler monkeys (D:4)
  A crimson imp (D:4)
  5 hounds
  A jelly (D:5)
  A gnoll shaman (D:4)
  An orc priest (D:6)
  5 iguanas
  An orc wizard (D:6)
  A hound skeleton (D:4)
  7 gnolls
  8 adders
  A river rat (D:6)
  2 shadow imps
  A white imp (D:6)
  A dart slug (D:1)
  5 orcs
  5 bats
  3 endoplasms
  7 giant cockroaches
  10 goblins
  5 hobgoblins
  18 jackals
  3 quokkas (D:1)
  8 ball pythons
  5 frilled lizards
  17 kobolds
  6 rats
139 creatures vanquished.

Vanquished Creatures (others)
  An orc (D:6)
  4 plants (Sewer)
5 creatures vanquished.

Grand Total: 144 creatures vanquished

Notes
Turn   | Place    | Note
-------+----------+-------------------------------------------
     0 | D:1      | freelancePsychic the Vine Stalker Fighter began the quest
                  | for the Orb.
     0 | D:1      | Reached XP level 1. HP: 11/11 MP: 2/2
   147 | D:1      | Reached skill level 2 in Short Blades
   171 | D:1      | Reached XP level 2. HP: 16/16 MP: 3/3
   494 | D:1      | Reached XP level 3. HP: 20/20 MP: 4/4
   637 | D:1      | Found a faded altar of an unknown god.
  1600 | D:2      | Gained mutation: Your natural rate of healing is unusually
                  | fast. [Vine Stalker growth]
  1600 | D:2      | Reached XP level 4. HP: 22/24 MP: 5/5
  1799 | D:3      | Reached skill level 3 in Short Blades
  1904 | D:3      | Reached XP level 5. HP: 23/28 MP: 6/6
  2564 | D:4      | Reached skill level 4 in Short Blades
  2581 | D:4      | Reached XP level 6. HP: 33/33 MP: 7/7
  2611 | D:4      | Found a shimmering altar of Xom.
  2614 | D:4      | Found a burning altar of Makhleb.
  2899 | D:5      | Entered Level 5 of the Dungeon
  2929 | D:5      | Reached XP level 7. HP: 18/37 MP: 8/8
  2962 | D:5      | Reached skill level 5 in Short Blades
  3150 | D:5      | Noticed roflturtle's ghost (amateur DgFE)
  3152 | D:5      | Found a runed translucent door.
  3742 | D:6      | Reached skill level 6 in Short Blades
  3742 | D:6      | Gained mutation: You have razor-sharp teeth. [Vine Stalker
                  | growth]
  3742 | D:6      | Reached XP level 8. HP: 41/42 MP: 9/9
  3811 | D:6      | Reached skill level 5 in Fighting
  3825 | D:6      | Found a glowing drain.
  3854 | Sewer    | Entered a sewer
  4691 | D:6      | HP: 2/40 [orc warrior/+0 battleaxe (6)]
  4858 | D:6      | Reached skill level 7 in Short Blades
  4999 | D:6      | Killed from afar by an orc priest

Illustrated notes

Levels and vault maps discovered:
D:1:      pf_arrival_petrified_forest, layout_rooms, serial_co_window_serial,
          co_window_paths_a, co_window_paths_a, co_window_corner_a,
          co_window_paths_a, co_window_corner_a, co_window_of_opportunity_b,
          co_window_unsneaky_path_a, co_window_corner_ca, co_window_broadway_b,
          glass_columns_a, shapermc_ecumenical_altar_mp_vishouse, chequers_jeans
D:2:      layout_rooms, corexii_corridor_pit, minmay_pentomino_u4
D:3:      layout_basic
D:4:      layout_cave_pools, grunt_temple_overflow_champion_of_chaos,
          minivault_1, amethyst_killhole
D:5:      layout_basic, hellmonk_ghost_happy_afterlife
D:6:      layout_basic, portal_sewer_entry_b, serial_bayou_pond_c,
          amcnicky_mini_rare_corridor_liquid, st_stairs_13, minmay_misc_feat_x,
          minmay_curled_crystal

Skill      XL: |  1  2  3  4  5  6  7  8 |
---------------+-------------------------+-----
Short Blades   | 2 3 4 6 7 |  7.0
Fighting       | 3 4 5 |  5.5
Armour         | 3 4 |  4.7
Shields        | 3 |  3.2

Action                   |  1- 3 |  4- 6 |  7- 9 || total
-------------------------+-------+-------+-------++-------
Melee: Rapier            |   104 |   141 |    92 ||   337
       Bite              |    24 |    45 |    76 ||   145
       Dagger            |       |    12 |   146 ||   158
  Use: Scroll            |     1 |       |     8 ||     9
Armor: Scale mail        |    74 |    86 |    84 ||   244
Dodge: Dodged            |    38 |    55 |    55 ||   148
Block: Kite shield       |    69 |    92 |    93 ||   254

Table legend: (Time is in decaauts)
 A = Elapsed time spent in this place.
 B = Non-inter-level travel time spent in this place.
 C = Inter-level travel time spent in this place.
 D = Time resting spent in this place.
 E = Time spent auto-exploring this place.
 F = Levels seen in this place.
 G = Mean time per level.
                   A        B        C        D        E       F      G
               +--------+--------+--------+--------+--------+-----+--------+
         Total |   5264 |   5140 |    124 |     15 |   3906 |   7 |  752.0 |
       Dungeon |   4395 |   4271 |    124 |     15 |   3191 |   6 |  732.5 |
         Sewer |    869 |    869 |      0 |      0 |    715 |   1 |  869.0 |
               +--------+--------+--------+--------+--------+-----+--------+

Top non-repeatable levels by time:
     D:1: 1160 daAuts
   Sewer: 869 daAuts
     D:5: 747 daAuts
     D:2: 668 daAuts
     D:3: 650 daAuts
     D:6: 647 daAuts
     D:4: 522 daAuts
